 Dungeon Crawl Stone Soup version 0.30-a0-134-gb40fab5c76 (webtiles) character file.

Game seed: 2751646499198704547

116433 scionoferis the Severer (level 17, 0/223 (228) HPs)
             Began as a Meteoran Berserker on Sept 19, 2022.
             Was a High Priest of Trog.
             Slain by a spectral spriggan berserker (2 damage)
             ... called from beyond by a ghost crab
             ... on level 4 of the Swamp on Sept 20, 2022.
             The game lasted 01:37:49 (11970 turns).

scionoferis the Severer (Meteoran Berserker)       Turns: 11970, Time: 01:37:51

HP:   0/223 (228)   AC: 24    Str: 31    XL:     17   Next: 86%
MP:   18/18         EV: 19    Int: 15    God:    Trog [*****.]
Gold: 1305          SH:  0    Dex: 14    Spells: 16/16 levels left

rFire   + . .      SeeInvis .    h - +4 broad axe of Infinite Pain {flame, Dex+2}
rCold   . . .      Faith    .    (no shield)
rNeg    . . .      Spirit   .    w - +3 scale mail of the Tundras {Rampage rPois Str+3}
rPois   +          Reflect  .    i - +0 helmet
rElec   .          Harm     .    c - +1 cloak
rCorr   .          Rampage  +    y - +2 pair of gloves {Str+3}
Will    ++++.                    V - +0 pair of boots
Stlth   ..........               T - amulet of regeneration
HPRegen 2.27/turn                O - +4 ring of evasion
MPRegen 0.16/turn                U - ring of protection from fire

@: berserking, lethally poisoned (0 -> 0), strong-willed, regenerating, glowing,
lightly drained, slow
A: sense surroundings 2, otherworldly, glowing, explore regen, iridescent scales
1, clever 1
a: Renounce Religion, Berserk, Trog's Hand, Brothers in Arms


You were on level 4 of the Swamp.
You worshipped Trog.
Trog was extremely pleased with you.
You visited 4 branches of the dungeon, and saw 25 of its levels.
You visited the Abyss 1 time.

You collected 1305 gold pieces.

Inventory:

Hand Weapons
 a - the +9 battleaxe "Sekhiad" {vorpal, rElec}
   (Trog gifted it to you on level 5 of the Lair of Beasts)

   It inflicts extra damage upon your enemies.
   rElec:     It insulates you from electricity.
 b - a +1 hand crossbow of freezing
 h - the +4 broad axe of Infinite Pain (weapon) {flame, Dex+2}
   (You found it on level 1 of the Swamp)

   It burns those it strikes, dealing additional fire damage.
   Big, fiery blades are also staple armaments of hydra-hunters.
   Dex:       It affects your dexterity (+2).
 j - a +1 executioner's axe
 t - a +0 broad axe of freezing
 K - the +11 hand axe "Jiecucow" {drain, rN+ Dex+4}
   (You found it on level 3 of the Lair of Beasts)

   A truly terrible weapon, it drains the life of any living foe it strikes.
   Dex:       It affects your dexterity (+4).
   rN:        It protects you from negative energy.
Missiles
 g - 5 boomerangs (quivered)
 J - a curare-tipped dart
 L - 2 throwing nets
 Z - 6 javelins
Armour
 c - a +1 cloak (worn)
 i - a +0 helmet (worn)
 m - the +3 warlock's mirror {reflect}
   (You acquired it on level 4 of the Dungeon)

   It can block and reflect piercing ranged attacks and magical attacks against
   the wielder's willpower.
 w - the +3 scale mail of the Tundras (worn) {Rampage rPois Str+3}
   (You found it on level 2 of the Lair of Beasts)

   Str:       It affects your strength (+3).
   rPois:     It protects you from poison.
   Rampage:   It bestows one free step when moving towards enemies.
 y - a +2 pair of gloves of strength (worn)
 V - a +0 pair of boots (worn)
Jewellery
 e - a ring of see invisible
 u - a ring of resist corrosion
 N - a ring of willpower
 O - a +4 ring of evasion (left hand)
 T - an amulet of regeneration (around neck)
 U - a ring of protection from fire (right hand)
Wands
 f - a wand of digging (16)
 D - a wand of paralysis (55)
 Q - a wand of roots (21)
 S - a wand of flame (19)
 W - a wand of mindburst (9)
Scrolls
 k - 8 scrolls of butterflies
 n - 4 scrolls of magic mapping
 o - 11 scrolls of teleportation
 p - 2 scrolls of brand weapon
 q - 4 scrolls of fear
 r - 2 scrolls of summoning
 v - a scroll of enchant armour
 x - 2 scrolls of poison
 P - a scroll of silence
 Y - a scroll of blinking
Potions
 d - 2 potions of haste
 l - 3 potions of might
 s - a potion of heal wounds
 A - 2 potions of ambrosia
 B - 7 potions of curing
 C - 3 potions of flight
 E - 3 potions of resistance
 G - a potion of brilliance {unknown}
 I - a potion of magic {unknown}
 R - 2 potions of cancellation {unknown}
 X - 3 potions of mutation


   Skills:
 + Level 14.1 Fighting
 + Level 20.7 Axes
 + Level 11.6 Ranged Weapons
 + Level 13.4 Armour
 + Level 9.9 Dodging
 - Level 8.0 Shields
 + Level 11.4 Evocations


You had 16 spell levels left.
You didn't know any spells.
Your spell library was empty.

Dungeon Overview and Level Annotations

Branches:
Dungeon (15/15) Zot: 725   Temple (0/1) D:7            Lair (5/5) D:10 Zot: 331
  Swamp (4/4) Lair:3 Zot: 1612   Snake (1/4) Lair:3 Zot: 598   Slime (0/5) Lair:4
    Orc (0/2) D:9          Vaults (0/5) D:13         Depths (0/4) D:15

Altars:
Cheibriados
Fedhas
Nemelex Xobeh
Ru
Sif Muna
Wu Jian
Xom
Zin
Jiyva

Portals:
Trove: D:12 (give +2 storm dragon scales)

Annotations:
D:13 2 transporters
Lair:4 exclusion: oklob plant


Innate Abilities, Weirdness & Mutations

You passively map the area around you.
You are easily found by Zot.
You glow in the dark.
You regain HP and MP as you explore.
You are partially covered in iridescent scales. (AC +2)
Your mind is acute. (Int +4, Str/Dex -1)


Message History

The 22-headed Lernaean hydra misses you.
The 22-headed Lernaean hydra bites you but does no damage.
The 22-headed Lernaean hydra bites you.
* * * LOW HITPOINT WARNING * * *
The 22-headed Lernaean hydra bites you but does no damage. x2
The 22-headed Lernaean hydra barely misses you.
The 22-headed Lernaean hydra bites you but does no damage. x3
Unknown command.
You hack one of the 22-headed Lernaean hydra's heads off!
The flame cauterises the wound!
You carve the 21-headed Lernaean hydra like a ham!!!
You burn the 21-headed Lernaean hydra.
You kill the 21-headed Lernaean hydra!
Trog accepts your kill.
You slice the spectral spriggan air mage!!
You burn the spectral spriggan air mage.
You are engulfed in spectral mist.
* * * LOW HITPOINT WARNING * * *
The spectral spriggan air mage hits you but does no damage.
Press: ? - help, v - describe, . - travel Some deep water.
There is a cloud of spectral mist here.
The spectral spriggan air mage attacks as you move away!
The spectral spriggan air mage misses you.
You enter the shallow water.
Moving in this stuff is going to be slow.
You feel sick.
The spectral spriggan air mage hits you but does no damage.
Things that are here:
the corpse of the Lernaean hydra; a swamp dragon corpse; a swamp drake corpse
Press: ? - help, v - describe, . - travel Some deep water.
Unknown command.
Your unstable footing causes you to fumble your attack.
You feel sick.
A swamp drake comes into view.
The spectral spriggan berserker hits you!
* * * LOW HITPOINT WARNING * * *
You feel drained.
You die...

* ~ ~ , , *≈#..
~. ##.§~ ~≈~##~
** #~≈~###..~k
~ ~, *
##≈≈.~≈≈≈#~~ *
^
*#≈#≈.~#k~≈≈#*,
* #≈○.t°○≈# ≈ ,
* ~
##.ZD☼D.#..≈ ~
* ♣ *♣♣. *
#~°@Z###.§≈≈ ♣
....
##≈≈○Z°○~..~. *
~~~~~~ *
#≈≈°~○≈.#≈##~ ~
♣.~~~~ ~ ~
*#≈#≈○≈#≈°~~.
,* ~~♣ , ,, ~
##≈○°○##≈#≈.~~
~ .♣♣ ,.~. *
#°°°°°##≈~≈.~ *
~~ .♣ *♣..~ ♣
#○°~### ≈≈#≈* *
♣♣ *♣...♣
♣≈##~.~# ##
~♣♣♣.~..♣♣ .
##.## *


You could see 2 swamp dragons, a ghost crab, a spectral spriggan berserker
(summoned), 2 spectral spriggan air magi and 2 swamp drakes.

Vanquished Creatures
  the Lernaean hydra (Swamp:4)
  A fenstrider witch (Swamp:3)
  2 ghouls (Swamp:4)
  A green draconian (Abyss:3)
  2 eleionomae
  3 bunyips
  An ettin (D:15)
  A yaktaur captain (D:13)
  A ghost crab (Swamp:4)
  A rakshasa (D:14)
  4 catoblepae (Lair:5)
  12 hydras
  2 centaur warriors
  A boulder beetle (D:15)
  6 two-headed ogres
  8 alligators
  A death knight (Abyss:3)
  24 death yaks
  A hell knight (D:15)
  A spriggan berserker (Swamp:2)
  6 spriggans
  2 deep trolls (D:15)
  2 goliath frogs
  5 skeletal warriors
  9 swamp dragons
  4 bog bodies
  3 spriggan druids
  A wizard (D:15)
  Pikel (D:5)
  A lindwurm (Lair:5)
  6 deep elf pyromancers
  3 cyclopes
  5 will-o-the-wisps
  5 ugly things
  6 manticores
  16 elephants
  3 black mambas
  Joseph (D:8)
  A large abomination (Abyss:3)
  2 cane toads
  A demonic crawler (Abyss:3)
  4 rime drakes
  2 yaktaurs (D:13)
  An efreet (D:15)
  10 komodo dragons
  3 freezing wraiths (Abyss:3)
  A tengu conjurer (D:15)
  4 trolls
  A harpy zombie (Abyss:3)
  6 tyrant leeches
  6 slime creatures (D:14)
  3 polar bears
  6 hornets
  9 blink frogs
  2 vampires
  3 shadows
  A centaur simulacrum (D:14)
  A wraith (D:13)
  62 yaks
  5 wyverns
  3 basilisks
  A chaos spawn (Abyss:3)
  A steam dragon (D:7)
  8 vampire mosquitoes
  A neqoxec (Abyss:3)
  2 acid dragons
  12 swamp worms
  A small abomination (Abyss:3)
  3 hell hounds (Abyss:3)
  9 water moccasins
  2 orc warriors
  5 swamp drakes
  3 ice beasts
  2 black bears
  2 ogres
  9 wolves
  12 centaurs
  A phantom (D:6)
  4 kobold brigands
  10 bullfrogs
  3 gnoll sergeants
  2 scorpions
  3 wights (D:7)
  A howler monkey (D:11)
  4 hounds
  5 jellies
  7 orc priests
  12 orc wizards
  Ijyb (D:5)
  6 iguanas
  14 adders
  16 gnolls
  2 shadow imps
  2 white imps
  3 ufetubi (D:6)
  2 worms (D:3)
  5 dart slugs
  26 orcs
  4 ball pythons
  5 bats
  7 endoplasms
  5 giant cockroaches
  7 goblins
  11 hobgoblins
  2 jackals (D:3)
  13 kobolds
  5 quokkas
  3 frilled lizards
  5 rats
559 creatures vanquished.

Vanquished Creatures (collateral kills)
  A hydra (Lair:5)
  2 death yaks (Lair:5)
  A rust devil (Abyss:3)
  A hornet (Swamp:1)
  4 blink frogs
  A spriggan (Swamp:1)
  7 yaks
  2 swamp worms (Swamp:3)
  A hell hound (Abyss:3)
  An ogre (D:9)
  3 kobold brigands (D:9)
  A gnoll sergeant (D:9)
  A gnoll bouda (D:7)
  5 gnolls
31 creatures vanquished.

Vanquished Creatures (others)
  A swamp worm (Swamp:4)
  An orc wizard (D:8)
  8 foxfires
  32 fungi
  44 plants
86 creatures vanquished.

Grand Total: 676 creatures vanquished

Notes
Turn   | Place    | Note
-------+----------+-------------------------------------------
     0 | D:1      | scionoferis the Meteoran Berserker began the quest for the
                  | Orb.
     0 | D:1      | Reached XP level 1. HP: 19/19 MP: 2/2
   160 | D:1      | Reached skill level 4 in Axes
   160 | D:1      | Reached XP level 2. HP: 26/26 MP: 3/3
   482 | D:1      | Reached XP level 3. HP: 15/31 MP: 4/4
   495 | D:1      | Glimpsed the power of Zot.
   586 | D:2      | Reached ** piety under Trog
   705 | D:2      | Reached XP level 4. HP: 38/40 MP: 5/5
   718 | D:2      | Reached skill level 5 in Axes
  1046 | D:2      | Reached XP level 5. HP: 46/46 MP: 6/6
  1091 | D:2      | Glimpsed the power of Zot.
  1141 | D:2      | Glimpsed the power of Zot.
  1161 | D:3      | Found a faded altar of an unknown god.
  1207 | D:3      | Reached skill level 6 in Axes
  1216 | D:3      | Reached XP level 6. HP: 53/53 MP: 7/7
  1253 | D:3      | Found a shimmering altar of Xom.
  1455 | D:3      | Found an ornate altar of the Wu Jian Council.
  1632 | D:4      | Identified a scroll of acquirement
  1633 | D:4      | Acquired the +3 warlock's mirror {reflect}
  1633 | D:4      | Found the +3 warlock's mirror {reflect}
  1805 | D:4      | Reached skill level 1 in Shields
  1836 | D:4      | Reached *** piety under Trog
  1875 | D:4      | Reached skill level 7 in Axes
  1875 | D:4      | Reached XP level 7. HP: 60/60 MP: 8/8
  1879 | D:4      | Reached skill level 5 in Fighting
  1940 | D:4      | Found a sacrificial altar of Ru.
  2148 | D:4      | Reached XP level 8. HP: 69/69 MP: 9/9
  2250 | D:4      | Glimpsed the power of Zot.
  2267 | D:5      | Entered Level 5 of the Dungeon
  2303 | D:5      | Reached skill level 8 in Axes
  2457 | D:5      | Noticed Pikel
  2474 | D:5      | Killed Pikel
  2475 | D:5      | Reached skill level 9 in Axes
  2475 | D:5      | Reached skill level 5 in Armour
  2475 | D:5      | Gained mutation: You passively map the area around you.
                  | [Meteoran growth]
  2475 | D:5      | Reached XP level 9. HP: 60/77 MP: 10/10
  2529 | D:5      | Found a snail-covered altar of Cheibriados.
  2530 | D:5      | Found a shimmering blue altar of Sif Muna.
  2569 | D:5      | Noticed Ijyb
  2577 | D:5      | Killed Ijyb
  2893 | D:6      | Reached skill level 10 in Axes
  2893 | D:6      | Reached skill level 5 in Shields
  2895 | D:6      | Reached **** piety under Trog
  3290 | D:6      | Reached XP level 10. HP: 78/86 MP: 11/11
  3409 | D:7      | Reached skill level 11 in Axes
  3460 | D:7      | Noticed a two-headed ogre
  3468 | D:7      | Killed a two-headed ogre
  3482 | D:7      | Reached skill level 12 in Axes
  3541 | D:7      | Found a blossoming altar of Fedhas.
  3696 | D:7      | Found a staircase to the Ecumenical Temple.
  3841 | D:8      | Acquired a +0 pair of gloves of strength
  3906 | D:8      | Noticed Joseph
  3931 | D:8      | Killed Joseph
  4054 | D:8      | Reached skill level 1 in Ranged Weapons
  4400 | D:9      | Reached XP level 11. HP: 90/95 MP: 10/12
  4601 | D:9      | Found a staircase to the Orcish Mines.
  4611 | D:9      | Reached skill level 13 in Axes
  4877 | D:9      | Paralysed by a hornet for 2 turns
  4948 | D:9      | Noticed a two-headed ogre
  4955 | D:9      | Killed a two-headed ogre
  4956 | D:9      | Reached skill level 14 in Axes
  5000 | D:10     | Entered Level 10 of the Dungeon
  5082 | D:10     | Found a glowing silver altar of Zin.
  5245 | D:10     | Found a staircase to the Lair.
  5490 | D:10     | Noticed a skeletal warrior
  5493 | D:10     | Noticed a red ugly thing
  5507 | D:10     | Killed a skeletal warrior
  5508 | D:10     | Reached XP level 12. HP: 106/106 MP: 13/13
  5566 | D:10     | Reached skill level 5 in Ranged Weapons
  5606 | D:10     | Reached skill level 10 in Fighting
  5674 | Lair:1   | Entered Level 1 of the Lair of Beasts
  5798 | Lair:1   | Reached skill level 1 in Evocations
  5823 | Lair:1   | Reached skill level 10 in Armour
  5831 | Lair:1   | Reached skill level 15 in Axes
  5860 | Lair:1   | Identified the +5 arbalest "Gubiutiv" {venom, +Blink Fly
                  | SInv}
  6248 | Lair:2   | Reached XP level 13. HP: 58/114 MP: 14/14
  6354 | Lair:2   | Reached skill level 16 in Axes
  6442 | Lair:2   | Reached skill level 5 in Evocations
  6466 | Lair:2   | Noticed a death yak
  6480 | Lair:2   | Killed a death yak
  6483 | Lair:2   | Noticed a death yak
  6495 | Lair:2   | Noticed a death yak
  6495 | Lair:2   | Noticed a death yak
  6495 | Lair:2   | Noticed a death yak
  6505 | Lair:2   | Killed a death yak
  6509 | Lair:2   | Killed a death yak
  6517 | Lair:2   | Killed a death yak
  6520 | Lair:2   | Killed a death yak
  6564 | Lair:2   | Identified the +3 scale mail of the Tundras {Rampage rPois
                  | Str+3}
  6619 | Lair:2   | Reached skill level 17 in Axes
  6802 | Lair:2   | Glimpsed the power of Zot.
  6848 | Lair:3   | Found a staircase to the Swamp.
  6895 | Lair:3   | Reached ***** piety under Trog
  6927 | Lair:3   | Identified the +11 hand axe "Jiecucow" {drain, rN+ Dex+4}
  6935 | Lair:3   | Found a staircase to the Snake Pit.
  7009 | Lair:3   | Reached XP level 14. HP: 95/125 MP: 15/15
  7183 | Lair:4   | Found a staircase to the Slime Pits.
  7268 | Lair:5   | Entered Level 5 of the Lair of Beasts
  7514 | Lair:5   | Identified the +9 battleaxe "Sekhiad" {vorpal, rElec} (Trog
                  | gifted it to you on level 5 of the Lair of Beasts)
  7514 | Lair:5   | Received a gift from Trog
  7557 | Lair:5   | Reached skill level 5 in Dodging
  7613 | Lair:5   | Reached skill level 18 in Axes
  7654 | Lair:5   | Reached XP level 15. HP: 84/134 MP: 16/16
  8351 | Snake:1  | Entered Level 1 of the Snake Pit
  9340 | D:13     | Reached skill level 19 in Axes
  9530 | D:13     | Found a viscous altar of Jiyva.
  9530 | D:13     | Noticed an azure jelly
  9548 | D:13     | Found a transporter.
  9557 | D:13     | Found a gate to the Vaults.
  9574 | D:13     | Found a transporter.
  9701 | D:12     | Found a portal to a secret trove of treasure.
  9701 | D:12     | You fall into a shaft and drop 2 floors!
  9731 | D:14     | Reached skill level 10 in Ranged Weapons
  9756 | D:14     | Reached XP level 16. HP: 102/141 MP: 17/17
  9878 | D:15     | Entered Level 15 of the Dungeon
  9967 | D:15     | Found a sparkling altar of Nemelex Xobeh.
 10344 | Abyss:3  | Cast into level 3 of the Abyss (a wizard)
 10437 | Abyss:3  | Received a gift from Trog
 10473 | D:15     | Escaped the Abyss
 10484 | D:15     | Found a staircase to the Depths.
 10632 | D:14     | Reached skill level 10 in Evocations
 11152 | Swamp:1  | Entered Level 1 of the Swamp
 11324 | Swamp:2  | Gained mutation: Your mind is acute. (Int +4, Str/Dex -1)
                  | [potion of mutation]
 11324 | Swamp:2  | Gained mutation: You are partially covered in iridescent
                  | scales. (AC +2) [potion of mutation]
 11345 | Swamp:2  | Reached skill level 20 in Axes
 11375 | Swamp:1  | Received a gift from Trog
 11378 | Swamp:1  | Identified the +4 broad axe of Infinite Pain {flame, Dex+2}
 11421 | Swamp:1  | Reached XP level 17. HP: 56/150 MP: 18/18
 11573 | Swamp:3  | Noticed a fenstrider witch
 11589 | Swamp:3  | Killed a fenstrider witch
 11641 | Swamp:4  | Entered Level 4 of the Swamp
 11914 | Swamp:4  | Received a gift from Trog
 11957 | Swamp:4  | Noticed the 27-headed Lernaean hydra
 11967 | Swamp:4  | HP: 11/228 [the 22-headed Lernaean hydra (3)]
 11968 | Swamp:4  | Killed the 21-headed Lernaean hydra
 11970 | Swamp:4  | HP: 2/228 [spectral spriggan berserker[a ghost crab] (8)]
 11970 | Swamp:4  | Slain by a spectral spriggan berserker

Illustrated notes

Levels and vault maps discovered:
D:1:      lemuel_arrival_lava_pool, layout_basic, minivault_26
D:2:      minmay_recursive_quarters, layout_basic, corexii_corridor_pit,
          nrook_loot_triangle
D:3:      layout_basic, mainiacjoe_overflow_brackets, nzn_wu_jian_council_hall,
          ebering_ecumenical_altar_sacrificial, grunt_ministairs_8,
          serial_bayou_lagoon_a
D:4:      nicolae_cairo_tiling, layout_basic, nicolae_ru_the_path_less_chosen,
          kennysheep_mini_moat
D:5:      layout_loops_corners, mainiacjoe_overflow_divided_tiny, serial_shops,
          shop, hangedman_abyss_or_decor_slice, minmay_misc_feat_more_columns,
          roderic_roman_lattice, minmay_misc_feat_enclosed, uniq_ijyb,
          uniq_pikel, uniq_prince_ribbit1
D:6:      layout_loops_ring, kennysheep_another_room, nrook_campfire,
          dreamdust_wishing_well, hangedman_decor_opposing,
          minmay_alternating_orb
D:7:      layout_loops_cross, fedhas_altar_3, minmay_temple_entry_tees
D:8:      layout_loops_ring, uniq_joseph
D:9:      layout_basic, kennysheep_orc_monster_closet_entryway, serial_curves,
          eino_curves_02, eino_curves_01, eino_curves_04
D:10:     layout_loops_ring, lemuel_tele_altar, grunt_lair_entry_orc_guard_hut,
          minmay_checkerbox
D:11:     layout_gridville, grunt_ministairs_3
D:12:     layout_roguey, enter_trove_1, chequers_serial_rivers_room_a
D:13:     gammafunk_jiyva_shrine, layout_rooms, david_vaults_2,
          nicolae_hexahallways
D:14:     layout_gridville, chequers_jeans
D:15:     hangedman_depths_entry_civil_slaughter, layout_stronghold,
          nemelex_xobeh_ov_fountains_minmay
Lair:1:   layout_layer_cave
Lair:2:   layout_regular_city, minmay_stone_trees_small
Lair:3:   layout_hall_layers, swamp_mist, dummy_snake_entry,
          minmay_stone_trees_medium, serial_bayou_pond_c, st_stairs_12,
          lemuel_oklob_altar, lemuel_fruit_fields, lemuel_fruit_fields
Lair:4:   layout_loops_ring, minmay_slime_entry_oklob_enclosed
Lair:5:   evilmike_catoblepas_cave, layout_layer_cave
Swamp:1:  layout_falls_marsh, evilmike_swamp_ruin_house_1, uniq_nikola
Swamp:2:  layout_basic_swamp, evilmike_swamp_ruin_house_2,
          infiniplex_staircase_pool
Swamp:3:  layout_falls_marsh, hangedman_swamp_ruin_wall
Swamp:4:  swamp_old_school, layout_basic_swamp
Snake:1:  nicolae_snake_nest, layout_grid_maze

Skill      XL: |  1  2  3  4  5  6  7  8  9 10 11 12 13 14 15 16 17 |
---------------+----------------------------------------------------+-----
Axes           | 4 5 6 7 9 10 12 14 15 17 18 19 20 | 20.7
Fighting       | 4 5 6 7 8 9 10 11 12 13 14 | 14.1
Shields        | 1 2 4 5 7 8 |  8.0
Armour         | 3 5 6 8 9 10 11 12 13 | 13.4
Ranged Weapons | 1 4 6 8 9 10 11 | 11.6
Evocations     | 4 6 8 9 10 11 | 11.4
Dodging        | 3 5 7 8 9 |  9.9

Action                   |  1- 3 |  4- 6 |  7- 9 | 10-12 | 13-15 | 16-18 || total
-------------------------+-------+-------+-------+-------+-------+-------++-------
Melee: Hand axe          |    73 |   223 |       |       |       |       ||   296
       Punch             |     1 |     5 |       |       |       |     1 ||     7
       Flail             |       |     5 |   284 |   638 |    56 |       ||   983
       Broad axe         |       |       |       |       |   288 |    44 ||   332
       Battleaxe         |       |       |       |       |   258 |   460 ||   718
 Fire: Sling             |       |       |       |    11 |     4 |       ||    15
Throw: Dart              |       |       |       |     1 |    10 |       ||    11
       Boomerang         |       |       |       |     1 |       |       ||     1
Invok: Berserk           |       |     2 |     1 |     4 |     1 |     1 ||     9
       Trog's Hand       |       |     2 |     1 |     3 |     3 |     2 ||    11
       Brothers in Arms  |       |       |       |     3 |     2 |     3 ||     8
Evoke: Wand              |       |       |       |       |     1 |       ||     1
  Use: Scroll            |       |     7 |     2 |     5 |     8 |     4 ||    26
       Potion            |       |       |       |     3 |     6 |     5 ||    14
 Stab: Paralysed         |       |       |     5 |       |       |       ||     5
       Petrified         |       |       |       |       |     8 |       ||     8
       Petrifying        |       |       |       |       |     6 |       ||     6
       Distracted        |       |       |       |       |     1 |       ||     1
       Confused          |       |       |       |       |       |     1 ||     1
Armor: Animal skin       |    25 |    18 |       |       |       |       ||    43
       Leather armour    |       |    44 |       |       |       |       ||    44
       Chain mail        |       |    11 |   168 |   315 |    54 |       ||   548
       Scale mail        |       |       |       |       |   211 |   314 ||   525
Dodge: Dodged            |    39 |    99 |    73 |   251 |   250 |   392 ||  1104
Block: Buckler           |       |    13 |   105 |   219 |   132 |       ||   469
       Reflection        |       |       |     9 |     3 |     1 |       ||    13

Table legend: (Time is in decaauts)
 A = Elapsed time spent in this place.
 B = Non-inter-level travel time spent in this place.
 C = Inter-level travel time spent in this place.
 D = Time resting spent in this place.
 E = Time spent auto-exploring this place.
 F = Levels seen in this place.
 G = Mean time per level.
                   A        B        C        D        E       F      G
               +--------+--------+--------+--------+--------+-----+--------+
         Total |  11843 |  11193 |    650 |     47 |      0 |  26 |  455.5 |
       Dungeon |   8273 |   7855 |    418 |      0 |      0 |  15 |  551.5 |
          Lair |   2668 |   2437 |    231 |     47 |      0 |   5 |  533.6 |
         Swamp |    786 |    786 |      0 |      0 |      0 |   4 |  196.5 |
     Snake Pit |      1 |      1 |      0 |      0 |      0 |   1 |    1.0 |
         Abyss |    112 |    112 |      0 |      0 |      0 |   1 |  112.0 |
               +--------+--------+--------+--------+--------+-----+--------+

Top non-repeatable levels by time:
  Lair:5: 812 daAuts
     D:9: 736 daAuts
  Lair:2: 722 daAuts
    D:10: 721 daAuts
     D:4: 682 daAuts
    D:11: 661 daAuts
     D:2: 649 daAuts
    D:15: 604 daAuts
     D:6: 584 daAuts
     D:5: 565 daAuts
     D:1: 513 daAuts
    D:13: 500 daAuts
  Lair:1: 500 daAuts
     D:3: 470 daAuts
     D:7: 456 daAuts
